 Dungeon Crawl Stone Soup version 0.29.1-2-gbd0b4ee654 (webtiles) character file.

Game seed: 2261770109892572809

131761 Lutefisk the Tortoise (level 17, -4/137 HPs)
             Began as a Gnoll Wanderer on Nov 18, 2022.
             Was the Champion of Wu Jian.
             Slain by a freezing wraith (12 damage)
             ... on level 4 of the Swamp.
             The game lasted 02:32:03 (26594 turns).

Lutefisk the Tortoise (Gnoll Wanderer)             Turns: 26594, Time: 02:32:05

Health: -4/137     AC: 20    Str: 12    XL:     17   Next: 11%
Magic:  24/24      EV: 23    Int:  9    God:    Wu Jian [******]
Gold:   2419       SH: 19    Dex: 22    Spells: 17/40 levels left

rFire   + + +      SeeInvis +   z - +9 demon whip (venom)
rCold   . . .      Faith    .   U - +0 kite shield
rNeg    . . .      Spirit   .   j - +0 acid dragon scales
rPois   +          Reflect  +   l - +0 helmet
rElec   .          Harm     .   L - +1 cloak
rCorr   +          Rampage  .   C - +1 pair of gloves of the Lumpy Nightcaps {rF+++ MP-9 SInv}
Will    +....                   O - +2 pair of boots
Stlth   +++++.....              q - amulet of reflection
HPRegen 0.32/turn               a - ring of poison resistance
MPRegen 0.19/turn               X - +4 ring of evasion

@: slowed, studying Armour, very slow
A: fangs 1, strong nose, distributed training
a: Renounce Religion, Wall Jump, Serpent's Lash, Heavenly Storm


You were on level 4 of the Swamp.
You worshipped Wu Jian.
Wu Jian was exalted by your worship.
You visited 5 branches of the dungeon, and saw 27 of its levels.
You also visited: Bailey.

You collected 2947 gold pieces.
You spent 528 gold pieces at shops.

Inventory:

Hand Weapons
 z - a +9 demon whip of venom (weapon)
 J - the +6 trident "Jazusem" {flame, Fly rElec Str+3}
   (You took it off a wight on level 7 of the Dungeon)

   It burns those it strikes, dealing additional fire damage.
   Str:       It affects your strength (+3).
   rElec:     It insulates you from electricity.
   Fly:       It grants you flight.
Missiles
 y - 12 boomerangs (quivered)
 G - a throwing net
 Q - 8 curare-tipped darts
Armour
 d - the +2 hat of the Bear Spirit {Spirit, *Rage Will++}
   (You found it on level 6 of the Dungeon)

   Going berserk makes the wearer tougher, and they're slowed less afterward.
   *Rage:     It berserks you when you make melee attacks (+20% chance).
   Will:      It greatly increases your willpower.
 h - +0 gold dragon scales
 j - +0 acid dragon scales (worn)
 l - a +0 helmet (worn)
 C - the +1 pair of gloves of the Lumpy Nightcaps (worn) {rF+++ MP-9 SInv}
   (You bought it in a shop on level 2 of the Orcish Mines)

   rF:        It renders you almost immune to fire.
   MP:        It affects your magic capacity (-9).
   SInv:      It lets you see invisible.
 L - a +1 cloak (worn)
 O - a +2 pair of boots (worn)
 U - a +0 kite shield (worn)
Jewellery
 a - a ring of poison resistance (left hand)
 q - an amulet of reflection (around neck)
 t - a ring of positive energy
 A - a ring of positive energy
 H - a ring of ice
 X - a +4 ring of evasion (right hand)
 Z - an amulet of the acrobat
Wands
 g - a wand of charming (11)
 E - a wand of mindburst (3)
 I - a wand of flame (8)
 K - a wand of digging (16)
 N - a wand of light (10)
 R - a wand of roots (3)
Scrolls
 b - a scroll of silence
 c - 3 scrolls of teleportation
 f - 4 scrolls of magic mapping
 i - 2 scrolls of vulnerability
 o - 5 scrolls of amnesia
 p - 2 scrolls of torment
 u - 3 scrolls of fear
 v - 5 scrolls of immolation
 w - a scroll of fog
 F - 5 scrolls of poison
 T - 3 scrolls of enchant armour
 V - a scroll of identify
 Y - 2 scrolls of enchant weapon
Potions
 e - 3 potions of mutation
 k - a potion of resistance
 m - 5 potions of lignification
 n - 5 potions of haste
 r - 2 potions of berserk rage
 s - a potion of invisibility
 B - 2 potions of brilliance
 D - 2 potions of ambrosia
 M - 3 potions of might
 P - 5 potions of attraction
 S - 5 potions of curing
 W - a potion of magic


   Skills:
 + Level 13.4 Fighting
 + Level 11.8 Short Blades
 + Level 11.8 Long Blades
 + Level 11.8 Axes
 + Level 11.8 Maces & Flails
 + Level 11.8 Polearms
 + Level 11.8 Staves
 + Level 11.8 Ranged Weapons
 + Level 12.1 Throwing
 + Level 15.2 Armour
 + Level 11.8 Dodging
 + Level 12.5 Stealth
 + Level 11.8 Shields
 + Level 11.8 Unarmed Combat
 + Level 12.1 Spellcasting
 + Level 10.0 Conjurations
 + Level 10.0 Hexes
 + Level 10.0 Summonings
 + Level 10.0 Necromancy
 + Level 10.0 Translocations
 + Level 10.0 Transmutations
 + Level 10.0 Fire Magic
 + Level 10.0 Ice Magic
 + Level 10.0 Air Magic
 + Level 11.3 Earth Magic
 + Level 10.0 Poison Magic
 + Level 12.8 Invocations
 + Level 11.8 Evocations


You had 17 spell levels left.
You knew the following spells:

 Your Spells              Type           Power      Damage    Failure   Level
a - Sandblast             Erth           50%        2d12      1%          1
b - Stone Arrow           Conj/Erth      48%        3d10      1%          3
c - Frozen Ramparts       Ice            46%        1d7       1%          3
d - Summon Ice Beast      Ice/Summ       23%        N/A       5%          4
e - Olgreb's Toxic Radia  Pois           23%        N/A       5%          4
f - Ozocubu's Armour      Ice            23%        N/A       1%          3
g - Metabolic Englaciati  Hex/Ice        11%        N/A       14%         5

Your spell library contained the following spells:

 Spells                   Type           Power      Damage    Failure   Level
 Sting                    Tmut/Pois      92%        1d7       1%          1
 Summon Small Mammal      Summ           92%        N/A       1%          1
 Poisonous Vapours        Pois/Air       46%        N/A       1%          2
 Call Canine Familiar     Summ           23%        N/A       1%          3
 Dazzling Flash           Conj/Hex       46%        N/A       1%          3
 Summon Guardian Golem    Hex/Summ       23%        N/A       1%          3
 Petrify                  Tmut/Erth      24%        N/A       4%          4
 Ice Form                 Ice/Tmut       23%        N/A       5%          4
 Agony                    Necr           23%        N/A       14%         5
 Blade Hands              Tmut           11%        N/A       14%         5
 Irradiate                Conj/Tmut      11%        3d15      14%         5
 Iskenderun's Battlesphe  Conj           23%        2d8       14%         5
 Silence                  Hex/Air        11%        N/A       14%         5
 Iron Shot                Conj/Erth      12%        9d3       52%         6
 Statue Form              Tmut/Erth      16%        N/A       52%         6
 Dragon Form              Tmut           11%        N/A       99%         7
 Ozocubu's Refrigeration  Ice            11%        4d10      99%         7
 Spellforged Servitor     Conj/Summ      11%        N/A       99%         7


Dungeon Overview and Level Annotations

Branches:
Dungeon (15/15)            Temple (1/1) D:5            Lair (5/5) D:9
  Swamp (4/4) Lair:3        Snake (0/4) Lair:3        Slime (0/5) Lair:4
    Orc (2/2) D:11            Elf (0/3) Orc:2        Vaults (0/5) D:13
 Bailey (visited)
 Depths: D:15

Altars:
Ashenzari
Cheibriados
Dithmenos
Elyvilon
Fedhas
Hepliaklqana
Kikubaaqudgha
Makhleb
Nemelex Xobeh
Qazlal
Sif Muna
Trog
Uskayaw
Wu Jian
Xom
Yredelemnul
Zin
Jiyva

Shops:
D:15 [   Orc:2 (:*([

Annotations:
D:2 Natasha
D:15 Roxanne
Lair:1 3 runed translucent doors, kingsuperguy's ghost, journeyman MiBe
Lair:4 1 runed translucent door
Lair:5 1 runed translucent door, exclusion: oklob plant
Swamp:3 3 runed translucent doors, hawla's ghost, journeyman MeIE; ratmagoo's ghost, journeyman DENe


Innate Abilities, Weirdness & Mutations

You have very sharp teeth.
Your uncanny sense of smell can sniff out nearby items.
Your experience applies equally to all skills.


Message History

Confirm with . or Enter, or press ? or * to list all spells.
Okay, then.
Aiming: Throw Flame
Press: ? - help, Shift-Dir - straight line, f - four-headed hydra simulacrum
Aim: a four-headed hydra simulacrum (100% to hit)
The puff of flame hits the four-headed hydra simulacrum!
The four-headed hydra simulacrum melts!
The four-headed hydra simulacrum is lightly damaged.
The freezing wraith completely misses you.
The freezing wraith hits you! The freezing wraith drains your vigour!
You feel as though you will be slow longer.
The four-headed hydra simulacrum is engulfed in a cloud of scalding steam.
The four-headed hydra simulacrum bites you but does no damage.
You block the four-headed hydra simulacrum's attack. x2
The four-headed hydra simulacrum closely misses you.
The freezing wraith hits you. The freezing wraith freezes you!
* * * LOW HITPOINT WARNING * * *
The freezing wraith hits you.
* * * LOW HITPOINT WARNING * * *
Unknown command.
Okay, then.
You feel much better. The freezing wraith misses you.
The freezing wraith barely misses you.
The four-headed hydra simulacrum is engulfed in a cloud of scalding steam.
You block the four-headed hydra simulacrum's attack. x2
The four-headed hydra simulacrum bites you but does no damage.
The four-headed hydra simulacrum bites you.
* * * LOW HITPOINT WARNING * * *
The four-headed hydra simulacrum freezes you!!
* * * LOW HITPOINT WARNING * * *
Unknown command.
Okay, then.
Unknown command.
You whack the four-headed hydra simulacrum!
The four-headed hydra simulacrum vaporises!
The Council accepts your kill. The freezing wraith hits you.
* * * LOW HITPOINT WARNING * * *
The freezing wraith freezes you!
You die...

...♣♣.~♣~..♣♣.~.♣♣
...♣♣♣~~~♣§♣♣~§~~♣
.~~~♣~~~♣♣♣♣♣~~~.♣
♣♣♣♣~†.~~♣♣♣§...♣
.~...~~.♣♣♣~~.♣♣
~..~.~~~♣♣♣~~.~♣
~.♣♣~~.~~.♣~~..♣♣♣
~..~♣.~....~.♣♣..♣ ♣♣♣♣
~~~.~...~..~.♣♣.@♣ ♣♣≈≈♣
~~~.♣...~~..~~♣W○♣♣♣≈≈♣♣
.~~~♣♣.♣..~~..♣♣.....≈≈# #
.~~~..~†♣~..~......≈≈.≈#♣#§..#
~~§~..~.~♣....~♣♣♣≈≈≈....○°#
~~..♣♣..♣♣~.~~.§♣≈≈≈.≈≈♣#.#.♣
~~~. ~♣♣♣♣♣.~..~♣♣≈≈.≈♣# ..
~~~ ♣ ♣.♣♣♣♣♣♣♣♣≈≈.≈# .# ~~ ~
♣♣..♣♣


You could see a freezing wraith.

Vanquished Creatures
  Nikola (Swamp:1)
  Jorgrun (Swamp:3)
  A tentacled monstrosity (Swamp:3)
  Donald (Swamp:4)
  2 orc warlords
  4 eleionomae
  2 bunyips (Swamp:1)
  3 shambling mangroves
  Josephine (Swamp:1)
  A vault guard (D:13)
  2 boulder beetles
  5 hydras
  5 centaur warriors
  Erica (D:11)
  3 ghost crabs
  4 two-headed ogres
  4 tengu warriors
  8 alligators
  3 death yaks (Lair:4)
  4 orc high priests (Orc:2)
  A fire crab (shapeshifter) (D:13)
  Amaemon (Lair:1)
  3 goliath frogs
  A spriggan druid (Swamp:1)
  2 bog bodies
  2 swamp dragons
  2 lindwurms (Lair:5)
  3 wizards (D:13)
  6 orc knights
  Pikel (D:6)
  8 deep elf pyromancers
  2 necromancers (D:13)
  3 deep elf zephyrmancers (D:13)
  6 orc sorcerers
  14 ugly things
  4 manticores
  3 cyclopes
  3 will-o-the-wisps
  4 elephants (Lair:3)
  Joseph (D:9)
  4 black mambas
  An orange demon (Lair:2)
  8 cane toads
  A gargoyle (D:13)
  5 torpor snails (Lair:5)
  Maggie (D:8)
  3 unseen horrors
  2 kobold demonologists (D:10)
  3 freezing wraiths (Swamp:4)
  4 rime drakes
  8 komodo dragons
  3 tengu conjurers (D:15)
  6 trolls
  3 meliai (D:14)
  12 tyrant leeches
  18 hornets
  A bloated husk (Swamp:4)
  11 polar bears
  2 raiju (Lair:5)
  4 slime creatures (D:13)
  6 blink frogs
  9 dream sheep
  A wyvern (D:7)
  45 yaks
  8 spriggans
  7 wraiths
  19 humans (D:13)
  4 basilisks
  Grum (D:9)
  A swamp worm simulacrum (Swamp:4)
  10 vampire mosquitoes
  10 wargs
  15 swamp worms
  A naga (Lair:3)
  Duvessa (D:7)
  3 acid dragons
  A hydra simulacrum (Swamp:4)
  13 hell hounds (Lair:5)
  9 water moccasins
  A floating eye (shapeshifter) (D:15)
  38 orc warriors
  An ice beast (D:8)
  A swamp drake (Swamp:1)
  11 black bears
  A sky beast (D:8)
  9 ogres
  16 centaurs
  27 wolves
  A phantom (D:5)
  17 kobold brigands
  7 gnoll sergeants
  15 bullfrogs
  4 necrophages
  7 wights (D:7)
  A scorpion (D:4)
  Dowan (D:7)
  6 killer bees
  An electric eel (D:12)
  6 howler monkeys
  16 orc priests
  A jelly (D:6)
  7 hounds
  2 gnoll boudas (D:6)
  Terence (D:3)
  An iguana (D:4)
  15 orc wizards
  28 gnolls
  7 adders
  3 shadow imps
  A white imp (D:6)
  3 nameless horrors
  3 swamp drake simulacra (Swamp:4)
  11 worms
  4 dart slugs
  79 orcs
  12 endoplasms
  2 giant cockroaches
  12 goblins
  7 hobgoblins
  5 jackals
  17 kobolds
  6 quokkas
  7 ball pythons
  7 bats
  8 frilled lizards (D:1)
  4 rats
830 creatures vanquished.

Vanquished Creatures (collateral kills)
  A hydra (Swamp:1)
  An alligator (Swamp:1)
  A spriggan druid (Swamp:4)
  A rime drake (Lair:3)
  A cane toad (Lair:3)
  2 komodo dragons
  3 tyrant leeches
  A hornet (Swamp:2)
  3 dream sheep
  A basilisk (Lair:2)
  2 wargs (Lair:5)
  A black bear (Lair:5)
  2 swamp drakes
  2 centaurs (Bailey)
  2 wolves (Lair:5)
  A kobold brigand (D:10)
  An orc (Bailey)
26 creatures vanquished.

Vanquished Creatures (others)
  An alligator (Lair:5)
  A goliath frog (Swamp:4)
  A deep elf pyromancer (D:13)
  A swamp dragon (Swamp:4)
  3 bloated husks
  A swamp worm (Swamp:4)
  A wolf (Lair:5)
  A kobold brigand (D:10)
  An orc (D:6)
  27 foxfires (Swamp:1)
  57 fungi
  102 plants
197 creatures vanquished.

Grand Total: 1053 creatures vanquished

Notes
Turn   | Place    | Note
-------+----------+-------------------------------------------
     0 | D:1      | Lutefisk the Gnoll Wanderer began the quest for the Orb.
     0 | D:1      | Lutefisk set off with the following items: a +3 dagger, a
                  | scroll of blinking, a scroll of teleportation, a +0 robe;
                  | and the following spell memorised: Sandblast; and the
                  | following spells available to memorise: Stone Arrow.
     0 | D:1      | Reached XP level 1. HP: 23/23 MP: 4/4
   126 | D:1      | Reached XP level 2. HP: 24/29 MP: 5/5
   274 | D:1      | Reached XP level 3. HP: 29/35 MP: 7/7
   439 | D:2      | Reached skill level 1 in Invocations
   444 | D:2      | Noticed Natasha
   673 | D:2      | Reached skill level 1 in Short Blades
   673 | D:2      | Reached skill level 1 in Long Blades
   673 | D:2      | Reached skill level 1 in Axes
   673 | D:2      | Reached skill level 1 in Maces & Flails
   673 | D:2      | Reached skill level 1 in Polearms
   673 | D:2      | Reached skill level 1 in Staves
   673 | D:2      | Reached skill level 1 in Ranged Weapons
   673 | D:2      | Reached skill level 1 in Armour
   673 | D:2      | Reached skill level 1 in Dodging
   673 | D:2      | Reached skill level 1 in Shields
   673 | D:2      | Reached skill level 1 in Unarmed Combat
   673 | D:2      | Reached skill level 1 in Evocations
   908 | D:2      | Reached XP level 4. HP: 38/41 MP: 8/8
   968 | D:3      | Noticed Terence
  1021 | D:2      | Found a faded altar of an unknown god.
  1053 | D:2      | Reached skill level 1 in Conjurations
  1053 | D:2      | Reached skill level 1 in Hexes
  1053 | D:2      | Reached skill level 1 in Summonings
  1053 | D:2      | Reached skill level 1 in Necromancy
  1053 | D:2      | Reached skill level 1 in Translocations
  1053 | D:2      | Reached skill level 1 in Transmutations
  1053 | D:2      | Reached skill level 1 in Fire Magic
  1053 | D:2      | Reached skill level 1 in Ice Magic
  1053 | D:2      | Reached skill level 1 in Air Magic
  1053 | D:2      | Reached skill level 1 in Poison Magic
  1277 | D:4      | Reached XP level 5. HP: 33/47 MP: 9/9
  1549 | D:3      | Noticed a phantom
  1862 | D:4      | Reached XP level 6. HP: 40/53 MP: 9/11
  1977 | D:3      | Killed Terence
  1978 | D:3      | Reached skill level 2 in Armour
  2163 | D:5      | Entered Level 5 of the Dungeon
  2296 | D:5      | Reached XP level 7. HP: 37/60 MP: 12/12
  2391 | D:5      | Reached skill level 5 in Stealth
  2707 | D:5      | Found a staircase to the Ecumenical Temple.
  2741 | Temple   | Entered the Ecumenical Temple
  2869 | Temple   | Became a worshipper of the Wu Jian Council
  3117 | D:5      | Reached skill level 3 in Armour
  3117 | D:5      | Reached XP level 8. HP: 35/67 MP: 14/14
  3794 | D:6      | Reached * piety under Wu Jian
  4388 | D:6      | Found the +2 hat of the Bear Spirit {Spirit, *Rage Will++}
  4504 | D:7      | Reached XP level 9. HP: 73/73 MP: 16/16
  4515 | D:7      | Noticed Pikel
  4584 | D:6      | Reached skill level 4 in Armour
  4612 | D:7      | Identified the +6 trident "Jazusem" {flame, Fly rElec
                  | Str+3}
  4616 | D:7      | Reached skill level 5 in Spellcasting
  4726 | D:7      | Reached skill level 5 in Throwing
  4778 | D:7      | Reached ** piety under Wu Jian
  4827 | D:6      | Killed Pikel
  4828 | D:6      | Reached skill level 5 in Invocations
  4887 | D:7      | Noticed Duvessa
  4888 | D:7      | Noticed Dowan
  4903 | D:7      | Killed Duvessa
  4916 | D:7      | Killed Dowan
  5131 | D:7      | Reached skill level 5 in Short Blades
  5131 | D:7      | Reached skill level 5 in Long Blades
  5131 | D:7      | Reached skill level 5 in Axes
  5131 | D:7      | Reached skill level 5 in Maces & Flails
  5131 | D:7      | Reached skill level 5 in Polearms
  5131 | D:7      | Reached skill level 5 in Staves
  5131 | D:7      | Reached skill level 5 in Ranged Weapons
  5131 | D:7      | Reached skill level 5 in Armour
  5131 | D:7      | Reached skill level 5 in Dodging
  5131 | D:7      | Reached skill level 5 in Shields
  5131 | D:7      | Reached skill level 5 in Unarmed Combat
  5131 | D:7      | Reached skill level 5 in Evocations
  5131 | D:7      | Reached XP level 10. HP: 81/81 MP: 15/18
  5480 | D:8      | Noticed a cyclops
  5502 | D:8      | Noticed Maggie
  5633 | D:8      | Learned a level 3 spell: Stone Arrow
  5675 | D:8      | Killed Maggie
  5775 | D:9      | Found a staircase to the Lair.
  5821 | D:9      | Noticed Joseph
  5848 | D:9      | Reached *** piety under Wu Jian
  5914 | D:9      | Found a flagged portal.
  5926 | Bailey   | Entered a bailey
  6355 | Bailey   | Reached skill level 6 in Armour
  6412 | Bailey   | Reached skill level 5 in Conjurations
  6412 | Bailey   | Reached skill level 5 in Hexes
  6412 | Bailey   | Reached skill level 5 in Summonings
  6412 | Bailey   | Reached skill level 5 in Necromancy
  6412 | Bailey   | Reached skill level 5 in Translocations
  6412 | Bailey   | Reached skill level 5 in Transmutations
  6412 | Bailey   | Reached skill level 5 in Fire Magic
  6412 | Bailey   | Reached skill level 5 in Ice Magic
  6412 | Bailey   | Reached skill level 5 in Air Magic
  6412 | Bailey   | Reached skill level 5 in Poison Magic
  6417 | Bailey   | Reached XP level 11. HP: 89/89 MP: 21/21
  6839 | Bailey   | Reached **** piety under Wu Jian
  7034 | D:9      | Found a burning altar of Makhleb.
  7140 | D:9      | Noticed Grum
  7158 | D:9      | Killed Grum
  7241 | D:9      | Killed Joseph
  7297 | D:10     | Entered Level 10 of the Dungeon
  7318 | D:10     | Noticed a two-headed ogre
  7444 | D:10     | Learned a level 3 spell: Frozen Ramparts
  7738 | D:10     | Reached skill level 7 in Armour
  7742 | D:10     | Identified the +2 robe of the Bells {Will+}
  8325 | D:10     | Reached ***** piety under Wu Jian
  8426 | Lair:1   | Entered Level 1 of the Lair of Beasts
  9053 | Lair:1   | Noticed kingsuperguy's ghost (journeyman MiBe)
  9174 | Lair:1   | Found a runed translucent gate.
  9174 | Lair:1   | Found a runed translucent gate.
  9174 | Lair:1   | Found a runed translucent gate.
  9403 | Lair:2   | Reached XP level 12. HP: 97/97 MP: 23/23
  9497 | Lair:2   | Reached skill level 8 in Armour
  9526 | Lair:2   | Noticed Amaemon
 10502 | Lair:3   | Found a staircase to the Swamp.
 10530 | Lair:3   | Reached skill level 10 in Fighting
 10550 | Lair:3   | Learned a level 4 spell: Summon Ice Beast
 11481 | Lair:3   | Found a staircase to the Snake Pit.
 11606 | Lair:3   | Reached skill level 9 in Armour
 11722 | Lair:4   | Noticed a five-headed hydra
 12060 | Lair:4   | Noticed a death yak
 12061 | Lair:4   | Noticed a death yak
 12264 | Lair:4   | Reached XP level 13. HP: 96/104 MP: 25/25
 12347 | Lair:4   | Found a runed translucent door.
 12347 | Lair:4   | Found a viscous altar of Jiyva.
 12347 | Lair:4   | Found a staircase to the Slime Pits.
 12494 | Lair:5   | Entered Level 5 of the Lair of Beasts
 12583 | Lair:5   | Reached skill level 10 in Armour
 12788 | Lair:5   | HP: 2/104 [komodo dragon (45)]
 13914 | Lair:1   | Killed Amaemon
 14203 | D:11     | Found a staircase to the Orcish Mines.
 14273 | D:11     | Noticed Erica
 14288 | D:11     | Killed Erica
 14941 | D:12     | Learned a level 4 spell: Olgreb's Toxic Radiance
 15183 | Orc:1    | Entered Level 1 of the Orcish Mines
 15217 | Orc:1    | Noticed an orc warlord
 15225 | Orc:1    | Reached ****** piety under Wu Jian
 15258 | Orc:1    | Killed an orc warlord
 15259 | Orc:1    | Reached skill level 11 in Armour
 15259 | Orc:1    | Reached skill level 10 in Stealth
 15762 | Orc:2    | Entered Level 2 of the Orcish Mines
 15778 | Orc:2    | Reached skill level 10 in Invocations
 15778 | Orc:2    | Reached XP level 14. HP: 87/113 MP: 24/27
 15781 | Orc:2    | Found Upsan's Firing Range.
 15969 | Orc:2    | Found Enioq's General Store.
 16146 | Orc:2    | Noticed an orc warlord
 16201 | Orc:2    | Found Siheip's Antique Weapon Boutique.
 16202 | Orc:2    | Killed an orc warlord
 16354 | Orc:2    | Found a staircase to the Elven Halls.
 16356 | Orc:2    | Found Urat's Book Shop.
 16403 | Orc:2    | Paralysed by an orc sorcerer for 5 turns
 16412 | Orc:2    | Found Fucegun's Antique Armour Shoppe.
 16894 | Orc:2    | Bought a pair of smoking gloves for 266 gold pieces
 16894 | Orc:2    | Identified the +1 pair of gloves of the Lumpy Nightcaps
                  | {rF+++ MP-9 SInv} (You bought it in a shop on level 2 of
                  | the Orcish Mines)
 17071 | Orc:2    | Reached skill level 10 in Spellcasting
 17418 | D:13     | Learned a level 3 spell: Ozocubu's Armour
 17431 | D:13     | You fall into a shaft and drop 1 floor!
 17577 | D:14     | Reached skill level 10 in Throwing
 17729 | D:14     | Reached skill level 12 in Armour
 17740 | D:14     | Found a broken altar of Ashenzari.
 18116 | D:15     | Entered Level 15 of the Dungeon
 18762 | D:15     | Found Boibiag's Antique Armour Shoppe.
 18852 | D:15     | Bought a pair of embroidered boots for 262 gold pieces
 18972 | D:15     | Noticed Roxanne
 18982 | D:15     | Reached skill level 10 in Earth Magic
 19374 | D:15     | Found a shadowy altar of Dithmenos.
 19526 | D:15     | Reached skill level 10 in Short Blades
 19526 | D:15     | Reached skill level 10 in Long Blades
 19526 | D:15     | Reached skill level 10 in Axes
 19526 | D:15     | Reached skill level 10 in Maces & Flails
 19526 | D:15     | Reached skill level 10 in Polearms
 19526 | D:15     | Reached skill level 10 in Staves
 19526 | D:15     | Reached skill level 10 in Ranged Weapons
 19526 | D:15     | Reached skill level 10 in Dodging
 19526 | D:15     | Reached skill level 10 in Shields
 19526 | D:15     | Reached skill level 10 in Unarmed Combat
 19526 | D:15     | Reached skill level 10 in Evocations
 19576 | D:15     | Reached XP level 15. HP: 107/120 MP: 7/29
 19981 | D:13     | Reached skill level 13 in Armour
 20112 | D:13     | Found a gate to the Vaults.
 21274 | Lair:5   | Found a runed translucent door.
 21883 | Lair:5   | Reached XP level 16. HP: 98/129 MP: 22/31
 22024 | Lair:5   | Reached skill level 14 in Armour
 22225 | Swamp:1  | Entered Level 1 of the Swamp
 23108 | Swamp:1  | Noticed Nikola
 23333 | Swamp:1  | Noticed Josephine
 23753 | Swamp:1  | Killed Nikola
 23802 | Swamp:1  | Killed Josephine
 24855 | Swamp:2  | Learned a level 5 spell: Metabolic Englaciation
 25214 | Swamp:3  | Noticed a tentacled monstrosity
 25284 | Swamp:3  | Killed a tentacled monstrosity
 25863 | Swamp:3  | Found a runed translucent gate.
 25863 | Swamp:3  | Found a runed translucent gate.
 25863 | Swamp:3  | Found a runed translucent gate.
 25863 | Swamp:3  | Noticed ratmagoo's ghost (journeyman DENe)
 25863 | Swamp:3  | Noticed hawla's ghost (journeyman MeIE)
 25944 | Swamp:3  | Noticed Jorgrun
 26004 | Swamp:3  | Killed Jorgrun
 26005 | Swamp:3  | Reached skill level 15 in Armour
 26126 | Swamp:4  | Entered Level 4 of the Swamp
 26193 | Swamp:4  | Noticed Donald
 26247 | Swamp:4  | Killed Donald
 26248 | Swamp:4  | Reached XP level 17. HP: 137/137 MP: 5/33
 26302 | Swamp:4  | Identified a scroll of acquirement
 26303 | Swamp:4  | Acquired 761 gold pieces
 26503 | Swamp:4  | Reached skill level 10 in Conjurations
 26503 | Swamp:4  | Reached skill level 10 in Hexes
 26503 | Swamp:4  | Reached skill level 10 in Summonings
 26503 | Swamp:4  | Reached skill level 10 in Necromancy
 26503 | Swamp:4  | Reached skill level 10 in Translocations
 26503 | Swamp:4  | Reached skill level 10 in Transmutations
 26503 | Swamp:4  | Reached skill level 10 in Fire Magic
 26503 | Swamp:4  | Reached skill level 10 in Ice Magic
 26503 | Swamp:4  | Reached skill level 10 in Air Magic
 26503 | Swamp:4  | Reached skill level 10 in Poison Magic
 26594 | Swamp:4  | Slain by a freezing wraith

Illustrated notes

Levels and vault maps discovered:
D:1:      spicycebolla_green_bress_n_ham_2, layout_basic, minmay_lizard_pond
D:2:      layout_basic, nicolae_ecumenical_snake_handling, chequers_arboretum,
          uniq_natasha
D:3:      layout_rooms, grunt_ministairs_10, hangedman_decor_diamond_cutter,
          minmay_misc_feat_cross, uniq_terence
D:4:      layout_gridville
D:5:      layout_rooms, minmay_temple_entry_wispy
D:6:      layout_cave_pools, serial_gnoll_camp, gnoll_camp_huts_basic,
          gnoll_camp_medium_02, gnoll_camp_mini_hut, gnoll_camp_mini_hut
D:7:      layout_loops_cross, uniq_duvessa, uniq_pikel
D:8:      layout_loops_ring, nicolae_vehumet_altar_sigil, kennysheep_cross_room,
          uniq_maggie
D:9:      layout_rooms, mainiacjoe_overflow_catwalk, lair_entry_dummy,
          enter_bailey_3, uniq_joseph, uniq_grum
D:10:     layout_roguey [special_room_kobold], minivault_23, uniq_psyche
D:11:     layout_loops_cross, david_orc_3, uniq_erica
D:12:     layout_loops_ring, fungi_pond_lemuel
D:13:     layout_cave_pools, grunt_vaults_entry_tiered, elves_outpost_lemuel
D:14:     layout_stronghold, evilmike_ruin_ashenzari
D:15:     grunt_enter_depths_snipers, layout_rooms, serial_shops,
          nicolae_inconvenience_store, grunt_dithmenos_smoke, uniq_roxanne
Temple:   mainiacjoe_temple_cubbyholes
Lair:1:   layout_loops_ring, gammafunk_ghost_icy, st_stairs_8
Lair:2:   layout_chaotic_city, st_stairs_6, uniq_amaemon
Lair:3:   layout_regular_city, minmay_swamp_entry_worms,
          guppyfry_snake_entry_garden, lemuel_fruit_fields
Lair:4:   layout_loops_ring, slime_entry_2, grunt_megastairs_2,
          lemuel_fruit_tree, serial_bayou_shore_a
Lair:5:   wormcave, layout_regular_city, hangedman_lair_caniforms_friends,
          serial_bayou_pond_d
Swamp:1:  layout_basic_swamp, nicolae_swamp_feature_on_the_river_bank,
          uniq_josephine, uniq_nikola
Swamp:2:  layout_falls_marsh, evilmike_swamp_ruin_house_1,
          infiniplex_staircase_pool_2
Swamp:3:  nicolae_swamp_wrong_neighborhood, layout_falls_marsh,
          gammafunk_ghost_cemetery, evilmike_swamp_ruin_house_6, uniq_aizul,
          uniq_jorgrun
Swamp:4:  swamp_icy, layout_basic_swamp, swamp_pool1, uniq_donald
Orc:1:    layout_caves
Orc:2:    grunt_orc_gardens, layout_caves, grunt_orc_garden, grunt_orc_garden,
          grunt_orc_garden, grunt_orc_garden, nicolae_shop_firing_range

Skill      XL: |  1  2  3  4  5  6  7  8  9 10 11 12 13 14 15 16 17 |
---------------+----------------------------------------------------+-----
Invocations    | 1 2 3 4 5 6 7 8 10 11 12 | 12.8
Short Blades   | 1 2 3 5 6 7 8 9 10 11 | 11.8
Long Blades    | 1 2 3 5 6 7 8 9 10 11 | 11.8
Axes           | 1 2 3 5 6 7 8 9 10 11 | 11.8
Maces & Flails | 1 2 3 5 6 7 8 9 10 11 | 11.8
Polearms       | 1 2 3 5 6 7 8 9 10 11 | 11.8
Staves         | 1 2 3 5 6 7 8 9 10 11 | 11.8
Ranged Weapons | 1 2 3 5 6 7 8 9 10 11 | 11.8
Armour         | 1 2 3 5 6 7 9 11 12 13 15 | 15.2
Dodging        | 1 2 3 5 6 7 8 9 10 11 | 11.8
Shields        | 1 2 3 5 6 7 8 9 10 11 | 11.8
Unarmed Combat | 1 2 3 5 6 7 8 9 10 11 | 11.8
Evocations     | 1 2 3 5 6 7 8 9 10 11 | 11.8
Spellcasting   | 3 4 5 6 7 8 9 10 11 12 | 12.1
Conjurations   | 1 2 3 4 5 6 7 8 9 10 | 10.0
Hexes          | 1 2 3 4 5 6 7 8 9 10 | 10.0
Summonings     | 1 2 3 4 5 6 7 8 9 10 | 10.0
Necromancy     | 1 2 3 4 5 6 7 8 9 10 | 10.0
Translocations | 1 2 3 4 5 6 7 8 9 10 | 10.0
Transmutations | 1 2 3 4 5 6 7 8 9 10 | 10.0
Fire Magic     | 1 2 3 4 5 6 7 8 9 10 | 10.0
Ice Magic      | 1 2 3 4 5 6 7 8 9 10 | 10.0
Air Magic      | 1 2 3 4 5 6 7 8 9 10 | 10.0
Poison Magic   | 1 2 3 4 5 6 7 8 9 10 | 10.0
Throwing       | 3 4 5 6 7 8 9 10 11 12 | 12.1
Fighting       | 7 8 9 10 11 12 13 | 13.4
Stealth        | 5 6 7 8 9 10 11 12 | 12.5
Earth Magic    | 6 7 8 9 10 11 | 11.3

Action                   |  1- 3 |  4- 6 |  7- 9 | 10-12 | 13-15 | 16-18 || total
-------------------------+-------+-------+-------+-------+-------+-------++-------
Melee: Dagger            |   120 |    90 |   130 |       |       |       ||   340
       Bite              |     9 |    29 |    50 |   137 |   209 |   141 ||   575
       Punch             |     2 |     1 |    14 |    26 |     2 |       ||    45
       Whip              |       |   142 |    84 |       |       |       ||   226
       Staff             |       |       |    23 |       |       |       ||    23
       Spear             |       |       |   109 |   826 |   251 |       ||  1186
       Demon whip        |       |       |       |       |  1128 |   778 ||  1906
       Scimitar          |       |       |       |       |     6 |       ||     6
 Fire: Sling             |       |       |    10 |    90 |       |       ||   100
       Arbalest          |       |       |       |       |    27 |       ||    27
Throw: Dart              |       |     7 |    31 |    34 |    12 |     7 ||    91
       Boomerang         |       |       |    36 |    18 |     9 |     8 ||    71
       Throwing net      |       |       |     7 |     3 |       |       ||    10
 Cast: Sandblast         |       |       |       |     2 |     1 |       ||     3
       Frozen Ramparts   |       |       |       |    22 |    42 |     2 ||    66
       Summon Ice Beast  |       |       |       |    12 |    46 |    20 ||    78
       Olgreb's Toxic Ra |       |       |       |       |    39 |     1 ||    40
       Ozocubu's Armour  |       |       |       |       |     7 |     3 ||    10
       Stone Arrow       |       |       |       |       |    13 |     1 ||    14
       Metabolic Englaci |       |       |       |       |       |     4 ||     4
Invok: Lunge             |       |       |    10 |    34 |    43 |    23 ||   110
       Whirlwind         |       |       |       |    74 |   255 |    93 ||   422
Evoke: Wand              |       |       |     6 |     8 |     5 |    18 ||    37
  Use: Scroll            |     1 |       |    10 |     3 |    32 |     9 ||    55
       Potion            |       |       |     1 |     3 |     3 |     4 ||    11
 Stab: Sleeping          |     9 |     3 |     3 |     9 |    10 |     5 ||    39
       Distracted        |       |       |     1 |     2 |    12 |     3 ||    18
Armor: Robe              |    22 |    14 |       |       |       |       ||    36
       Ring mail         |       |    49 |    70 |     8 |       |       ||   127
       Acid dragon scale |       |       |       |   171 |   310 |   117 ||   598
       Chain mail        |       |       |       |    17 |       |       ||    17
Dodge: Dodged            |    70 |   108 |   168 |   474 |   518 |   275 ||  1613
Block: Buckler           |       |       |       |    51 |   388 |   231 ||   670
       Reflection        |       |       |       |       |     7 |     5 ||    12
       Kite shield       |       |       |       |       |       |    78 ||    78
